 Dungeon Sprint DCSS version 0.30-a0-989-g0d87f670db (webtiles) character file.

Game seed: 13286332588042981850

6632 NinjaNoafa the Bludgeoner (level 10, 0/94 HPs)
             Began as an Armataur Warper on Apr 3, 2023.
             Was the Champion of Cheibriados.
             Hit by a boomerang thrown by a merfolk (6 damage)
             ... in the Dungeon (Sprint V: "Ziggurat Sprint").
             The game lasted 00:06:30 (1209 turns).

NinjaNoafa the Bludgeoner (Armataur Warper)         Turns: 1209, Time: 00:06:30

Health: 0/94       AC: 22    Str: 38    XL:     10   Next: 72%
Magic:  5/18       EV:  8    Int: 33    God:    Cheibriados [******]
Gold:   0          SH:  0    Dex: 24    Spells: 15/20 levels left

rFire   . . .      SeeInvis .    B - +5 great mace
rCold   . . .      Faith    .    (shield currently unavailable)
rNeg    . . .      Spirit   .    m - +5 storm dragon scales
rPois   .          Reflect  .    (no helmet)
rElec   +          Roll     +    (no cloak)
rCorr   .          NoTele   +    (no gloves)
Will    .....                    (no barding) Stlth
                                 (no amulet)
HPRegen 0.35/turn                z - +6 ring of strength
MPRegen 0.16/turn                w - +4 ring of protection

@: very slow
A: large, rugged brown scales 3, deformed body, armoured tail, roll, long
tongue, awkward tongue
a: Renounce Religion, Bend Time, Temporal Distortion, Slouch, Step From Time


You were in the Dungeon.
You worshipped Cheibriados.
Cheibriados was exalted by your worship.
You visited 1 branch

Inventory:

Hand Weapons
 B - a +5 great mace (weapon)
Missiles
 g - 6 boomerangs (quivered)
 r - a silver boomerang
Armour
 m - +5 storm dragon scales (worn)
Jewellery
 b - a ring of see invisible
 w - a +4 ring of protection (right hand)
 z - a +6 ring of strength (left hand)
Wands
 s - a wand of mindburst (5)
 t - a wand of acid (4)
Scrolls
 c - 3 scrolls of blinking
 o - 4 scrolls of amnesia
 p - 7 scrolls of fog
 q - 5 scrolls of identify
 v - 8 scrolls of enchant weapon
Potions
 d - 4 potions of heal wounds
 e - 6 potions of curing
 h - 5 potions of magic
 i - 3 potions of berserk rage
 j - 2 potions of brilliance
 k - a potion of invisibility
 l - 3 potions of resistance
 n - 3 potions of might
Miscellaneous
 a - a condenser vane
 u - a box of beasts


   Skills:
 - Level 8.0 Fighting
 + Level 15.3 Maces & Flails
 - Level 0.8 Throwing
 + Level 12.6 Armour
 - Level 1.3 Dodging
 + Level 5.6 Spellcasting
 + Level 7.2 Translocations
 + Level 5.7 Air Magic
 - Level 8.0 Invocations
 + Level 6.5 Evocations


You had 15 spell levels left.
You knew the following spells:

 Your Spells              Type           Power      Damage    Failure   Level
a - Blink                 Tloc           100%       N/A       1%          2
b - Vhi's Electric Charg  Tloc/Air       100%       N/A       2%          3

Your spell library contained the following spells:

 Spells                   Type           Power      Damage    Failure   Level
 Lesser Beckoning         Tloc           100%       N/A       1%          2
 Teleport Other           Tloc           54%        N/A       1%          3
 Manifold Assault         Tloc           54%        N/A       6%          4
 Animate Dead             Necr           9%         N/A       77%         4
 Blade Hands              Tmut           4%         N/A       98%         5
 Irradiate                Conj/Tmut      4%         3d13      98%         5
 Dragon Form              Tmut           4%         N/A       100%        7
 Haunt                    Necr/Summ      4%         N/A       100%        7
 Infestation              Necr           4%         N/A       100%        8


Dungeon Overview and Level Annotations

Branches:
Dungeon (1/1)

Altars:
Ashenzari
Cheibriados
Dithmenos
Elyvilon
Fedhas
Gozag
Hepliaklqana
Kikubaaqudgha
Makhleb
Nemelex Xobeh
Okawaru
Qazlal
Ru
Sif Muna
Trog
Uskayaw
Vehumet
Wu Jian
Xom
Yredelemnul
Zin
The Shining One
Jiyva
Lugonu

Annotations:
D 1 transporter


Innate Abilities, Weirdness & Mutations

You are completely covered in rugged brown scales. (AC +3, +7% HP)
Armour fits poorly on your strangely shaped body.
You have a long armoured tail.
You roll when moving toward enemies. (Rampage)
Your long tongue fully drains potion bottles. (2x potion effects)
Your tongue gives you trouble enunciating. (1.5x scroll delay)


Message History

The centaur hits you but does no damage.
The centaur kicks you but does no damage.
The merfolk hits you but does no damage.
The merfolk hits you from afar with a +0 trident!
* * * LOW HITPOINT WARNING * * *
The centaur barely misses you. The centaur completely misses you.
The cyclops hits you but does no damage.
Casting: Vhi's Electric Charge (mildly dangerous; 2% risk of failure)
Confirm with . or Enter, or press ? or * to list all spells.
Charge where?
Press: ? - help, Dir - move target, f - merfolk, p - merfolk
Aim: a merfolk, wielding a +0 trident and quivering boomerangs (80% to hit)
You charge forward with an electric crackle!
You barely miss the merfolk. You tail-slap the merfolk!
The merfolk is moderately wounded.
The centaur wields a +0 shortbow.
The centaur shoots an arrow.
The arrow hits you.
* * * LOW HITPOINT WARNING * * *
The merfolk hits you with a +0 trident!
* * * LOW HITPOINT WARNING * * *
The centaur barely misses you.
The centaur kicks you but does no damage.
The merfolk hits you but does no damage.
The merfolk closely misses you. The centaur closely misses you.
The centaur barely misses you. The merfolk hits you with a +0 trident!
* * * LOW HITPOINT WARNING * * *
The centaur barely misses you.
The centaur kicks you but does no damage.
The cyclops barely misses you.
The merfolk hits you but does no damage. x2
The centaur hits you but does no damage.
The centaur kicks you but does no damage.
Casting: Vhi's Electric Charge (mildly dangerous; 2% risk of failure)
Confirm with . or Enter, or press ? or * to list all spells.
You blink.
The centaur wields a +0 shortbow.
The centaur shoots an arrow.
The arrow hits you but does no damage.
The centaur wields a +0 shortbow.
The centaur shoots an arrow.
The arrow hits you.
* * * LOW HITPOINT WARNING * * *
The merfolk throws a boomerang.
The boomerang hits you.
You die...

▓.▓.....▓.▓.▓)..▓.▓
▓....©....▓...©...▓
▓▓▓▓▓▓▓▓▓▓▓▓▓▓▓▓▓▓▓
▓...8©8...▓..8©8..▓
▓..)[?}[..▓..)[)..▓
▓..)cm)...▓..[[)..▓
▓..cC§....▓..).)..▓
▓...c.....▓).)....▓
▓...m.m.@.▓.......▓
▓.........▓.......▓
▓.▓.....▓.▓.▓...▓.▓
▓....©....▓.))©...▓
▓▓▓▓▓▓▓▓▓▓▓▓▓▓▓▓▓▓▓


You could see 3 merfolk, a cyclops and 3 centaurs.

Vanquished Creatures
  A dancing weapon (D)
  2 deep elf knights (D)
  A deep elf archer (D)
  2 deep elf pyromancers (D)
  A cyclops (D)
  3 draconians (D)
  A wind drake (D)
  5 merfolk (D)
  An orc warrior (D)
  3 centaurs (D)
  4 scorpions (D)
  2 orc priests (D)
  4 orc wizards (D)
  2 orcs (D)
  A jackal (D)
33 creatures vanquished.

Vanquished Creatures (collateral kills)
  A merfolk (D)
  A scorpion (D)
  An iguana (D)
  2 river rats (D)
5 creatures vanquished.

Grand Total: 38 creatures vanquished

Notes
Turn   | Place    | Note
-------+----------+-------------------------------------------
     0 | D        | NinjaNoafa the Armataur Warper began the quest for the Orb.
     0 | D        | Reached XP level 1. HP: 18/18 MP: 3/3
     0 | D        | Found a blossoming altar of Fedhas.
     0 | D        | Found the +6 Majin-Bo {spellvamp, MP+6 Int+6}
     0 | D        | Found the +27 heavy crossbow "Sniper" {heavy, Acc+∞ SInv}
     0 | D        | Found the +10 dark maul {heavy}
     0 | D        | Found the +15 Maxwell's patent armour {-Cast -Tele rElec
                  | Will+ rCorr}
     0 | D        | Found the +18 shield of the Gong {Loud rN+ Will+ rCorr
                  | EV-5}
     0 | D        | Found the +16 obsidian axe {drain, demonic, Mesm Drain Fly
                  | SInv}
     0 | D        | Found the +7 great mace "Firestarter" {flame, inner flame,
                  | rFlCloud rF++}
     0 | D        | Found the +6 shillelagh "Devastator" {shatter}
     0 | D        | Found the +11 plutonium sword {Contam Stlth-}
     0 | D        | Found the +8 lance "Wyrmbane" {slay drac, rPois rF+ rC+
                  | AC+3}
     0 | D        | Found the +9 sword of Zonguldrok {reap}
     0 | D        | Found the +13 scythe of Curses {drain, curses, Drain}
     0 | D        | Found the +9 sword of Power {lifebolt}
     0 | D        | Found the +7 mace of Variability {chaos, chain chaos}
     0 | D        | Found the +11 Singing Sword {sonic wave}
     0 | D        | Found the +8 storm bow {elec, penet}
     1 | D        | Found a shimmering blue altar of Sif Muna.
     1 | D        | Found a sacrificial altar of Ru.
     1 | D        | Found a bloodstained altar of Trog.
     1 | D        | Found a stormy altar of Qazlal.
     1 | D        | Found an iron altar of Okawaru.
     1 | D        | Found a sparkling altar of Nemelex Xobeh.
     3 | D        | Found a transporter.
     3 | D        | Found an ancient bone altar of Kikubaaqudgha.
     3 | D        | Found a viscous altar of Jiyva.
     3 | D        | Found a corrupted altar of Lugonu.
     3 | D        | Found a hazy altar of Hepliaklqana.
     3 | D        | Found a burning altar of Makhleb.
     3 | D        | Found an opulent altar of Gozag.
    61 | D        | Reached skill level 8 in Maces & Flails
    61 | D        | Reached XP level 2. HP: 25/25 MP: 4/4
    61 | D        | Reached XP level 3. HP: 31/31 MP: 5/5
   111 | D        | Became a worshipper of Cheibriados the Contemplative
   119 | D        | Entered arena 2.
   119 | D        | Found a transporter.
   122 | D        | Reached * piety under Cheibriados
   130 | D        | Entered arena 3.
   130 | D        | Noticed a draconian
   130 | D        | Noticed a draconian
   130 | D        | Noticed a draconian
   130 | D        | Found a transporter.
   155 | D        | HP: 1/31 [draconian/+0 short sword (5)]
   159 | D        | Killed a draconian
   160 | D        | Reached skill level 5 in Fighting
   160 | D        | Reached skill level 10 in Maces & Flails
   160 | D        | Reached skill level 5 in Invocations
   160 | D        | Reached XP level 4. HP: 44/44 MP: 4/8
   160 | D        | Reached XP level 5. HP: 51/51 MP: 4/9
   160 | D        | Reached XP level 6. HP: 59/59 MP: 4/10
   163 | D        | Killed a draconian
   164 | D        | Reached skill level 11 in Maces & Flails
   164 | D        | Reached XP level 7. HP: 58/68 MP: 4/12
   167 | D        | Killed a draconian
   167 | D        | Reached ** piety under Cheibriados
   168 | D        | Reached XP level 8. HP: 51/78 MP: 5/13
   225 | D        | Entered arena 4.
   225 | D        | Noticed a merfolk
   225 | D        | Noticed a merfolk
   225 | D        | Noticed a merfolk
   225 | D        | Noticed a merfolk
   225 | D        | Found a transporter.
   231 | D        | Killed a merfolk
   233 | D        | Killed a merfolk
   233 | D        | Reached *** piety under Cheibriados
   234 | D        | Reached skill level 12 in Maces & Flails
   234 | D        | Reached skill level 10 in Armour
   234 | D        | Killed a merfolk
   236 | D        | Killed a merfolk
   237 | D        | Reached skill level 13 in Maces & Flails
   418 | D        | Entered arena 5.
   418 | D        | Found a transporter.
   421 | D        | Reached **** piety under Cheibriados
   435 | D        | Entered arena 6.
   435 | D        | Found a transporter.
   438 | D        | Reached ***** piety under Cheibriados
   439 | D        | Reached XP level 9. HP: 82/86 MP: 15/15
   441 | D        | Reached skill level 14 in Maces & Flails
   563 | D        | Entered arena 7.
   563 | D        | Noticed a merfolk
   563 | D        | Noticed a wind drake
   563 | D        | Noticed a cyclops
   563 | D        | Noticed a merfolk
   564 | D        | Found a transporter.
   568 | D        | Killed a merfolk
   569 | D        | Reached skill level 1 in Air Magic
   569 | D        | Reached skill level 1 in Evocations
   575 | D        | Killed a wind drake
   575 | D        | Reached ****** piety under Cheibriados
   577 | D        | Killed a cyclops
   580 | D        | Killed a merfolk
   784 | D        | Entered arena 8.
   784 | D        | Found the +6 arbalest "Damnation" {damnation}
   784 | D        | Noticed a deep elf knight
   784 | D        | Noticed a +3 short sword of speed
   784 | D        | Noticed a deep elf knight
   784 | D        | Noticed a deep elf pyromancer
   784 | D        | Noticed a deep elf pyromancer
   784 | D        | Noticed a deep elf archer
   787 | D        | Found a transporter.
   788 | D        | Killed a deep elf pyromancer
   788 | D        | Killed a deep elf pyromancer
   788 | D        | Killed a deep elf knight
   789 | D        | Reached skill level 15 in Maces & Flails
   789 | D        | Reached skill level 5 in Evocations
   789 | D        | Reached XP level 10. HP: 72/94 MP: 15/17
   795 | D        | HP: 2/94 [+3 short sword of speed (5)]
   796 | D        | Killed a deep elf knight
   797 | D        | Reached skill level 5 in Air Magic
   797 | D        | Killed a +3 short sword of speed
   798 | D        | Reached skill level 5 in Spellcasting
   803 | D        | Learned a level 2 spell: Blink
   810 | D        | HP: 4/94 [deep elf archer/arrow (20)]
   818 | D        | Learned a level 3 spell: Vhi's Electric Charge
   818 | D        | Killed a deep elf archer
  1029 | D        | Entered arena 9.
  1030 | D        | Found a transporter.
  1203 | D        | Entered arena 10.
  1203 | D        | Noticed a cyclops
  1204 | D        | Found a transporter.
  1209 | D        | Hit by a boomerang thrown by a merfolk

Illustrated notes

Levels and vault maps discovered:
D:        sprint_v [room_start, room_1, room_2, room_3, room_4, room_5, room_6,
          room_7, room_8, room_9, room_10, room_11, room_12, room_13, room_14,
          room_15, room_16, room_17, room_18, room_19, room_20, room_21,
          room_22, room_23, room_24, room_25, room_26, room_27]

Skill      XL: |  1  2  3  4  5  6  7  8  9 10 |
---------------+-------------------------------+-----
Maces & Flails | 8 10 11 13 15 | 15.3
Fighting       | 5 6 7 8 |  8.0
Armour         | 7 8 9 10 11 12 | 12.6
Invocations    | 5 6 7 8 |  8.0
Spellcasting   | 4 5 |  5.6
Air Magic      | 4 5 |  5.7
Evocations     | 5 6 |  6.5
Translocations | 6 7 |  7.2
Throwing       | |  0.8
Dodging        | |  1.3

Action                     |  1- 3 |  4- 6 |  7- 9 | 10-12 || total
---------------------------+-------+-------+-------+-------++-------
  Melee: Great mace        |     9 |     4 |    24 |    24 ||    61
         Tailslap          |       |       |     5 |     2 ||     7
  Throw: Boomerang         |       |       |     4 |     3 ||     7
         Throwing net      |       |       |       |     1 ||     1
   Cast: Vhi's Electric Ch |       |       |       |     9 ||     9
         Blink             |       |       |       |     2 ||     2
 Invoke: Bend Time         |     3 |       |       |       ||     3
  Evoke: Wand              |     5 |       |       |       ||     5
         Box of beasts     |       |       |     3 |     1 ||     4
         Condenser vane    |       |       |     3 |     1 ||     4
    Use: Potion            |     8 |       |     6 |     7 ||    21
         Scroll            |     3 |       |       |     1 ||     4
   Stab: Held in net/web   |       |       |       |     1 ||     1
 Armour: Storm dragon scal |    10 |     5 |    33 |    88 ||   136
  Dodge: Dodged            |    11 |     1 |    21 |    43 ||    76

Table legend: (Time is in decaauts)
 A = Elapsed time spent in this place.
 B = Non-inter-level travel time spent in this place.
 C = Inter-level travel time spent in this place.
 D = Time resting spent in this place.
 E = Time spent auto-exploring this place.
 F = Levels seen in this place.
 G = Mean time per level.
                   A        B        C        D        E       F      G
               +--------+--------+--------+--------+--------+-----+--------+
         Total |   1311 |   1282 |     29 |    819 |     31 |   1 | 1311.0 |
       Dungeon |   1311 |   1282 |     29 |    819 |     31 |   1 | 1311.0 |
               +--------+--------+--------+--------+--------+-----+--------+

Top non-repeatable levels by time:
       D: 1311 daAuts
